 Dungeon Crawl Stone Soup version 0.20-a0-899-g09a9bfb (console) character file.

100 Goblin1989 the Slasher (level 4, -1/35 HPs)
             Began as a Demonspawn Monk on Mar 18, 2017.
             Slain by Natasha (6 damage)
             ... on level 2 of the Dungeon.
             The game lasted 00:06:14 (2264 turns).

Goblin1989 the Slasher (Demonspawn Monk)            Turns: 2264, Time: 00:06:15

Health: -1/35      AC:  8    Str: 13    XL:     4   Next: 46%
Magic:  4/4        EV:  6    Int: 11    God:
Gold:   100        SH:  0    Dex: 15    Spells: 3/3 levels left

rFire    . . .     SeeInvis .   a - +0 falchion
rCold    + . .     Gourm    .   l - +0 chain mail
rNeg     . . .     Faith    .   (no shield)
rPois    .         Spirit   .   (no helmet)
rElec    .         Reflect  .   (no cloak)
rCorr    .         Harm     .   (no gloves)
MR       .....                  (no boots)
Stlth    ..........             (no amulet)
Regen    0.2/turn               (no ring)
MPRegen  0.1/turn               (no ring)

@: no status effects
A: claws 1, cold resistance 1
a: no special abilities


You were on level 2 of the Dungeon.
You were not hungry.

You visited 1 branch of the dungeon, and saw 2 of its levels.

You collected 100 gold pieces.

Inventory:

Hand Weapons
 a - a +0 falchion (weapon)
Armour
 l - a +0 chain mail (worn)
Wands
 C - a wand of confusion (2/48)
Scrolls
 c - a scroll of teleportation {unknown}
 d - 2 scrolls of immolation {unknown}
 g - 6 scrolls of identify {unknown}
Potions
 i - a potion of heal wounds {unknown}
 j - a potion of curing {unknown}
 k - 2 potions of degeneration {unknown}
 m - a potion of invisibility {unknown}
Comestibles
 b - a meat ration {@e2}
 e - 2 bread rations {@e1}
 f - 6 chunks of flesh
 h - 2 royal jellies


   Skills:
 - Level 3.0 Fighting
 - Level 3.2 Long Blades
 + Level 1.5 Armour
 - Level 2.6 Dodging
 - Level 1.7 Stealth
 + Level 2.7 Unarmed Combat


You had 3 spell levels left.
You didn't know any spells.

Dungeon Overview and Level Annotations

Branches:
Dungeon (2/15)

Altars:

Annotations:
D:2 Natasha


Innate Abilities, Weirdness & Mutations

You have sharp fingernails.
Your flesh is cold resistant. (rC+)


Message History

The kobold shouts!
A kobold is nearby!
The kobold hits you with a whip.
You take 4 damage, and have 31/35 hp.
You closely miss the kobold.
The kobold hits you but does no damage. x2
You closely miss the kobold. The kobold barely misses you.
You riposte.
You hit the kobold.
The kobold is moderately wounded.
You are feeling hungry.
You hit the kobold.
You kill the kobold!
No target in view!
No target in view!
No target in view!
No target in view!
No target in view!
No target in view!
No target in view!
No target in view!
No target in view!
No target in view!
No target in view!
No target in view!
No target in view!
No target in view!
No target in view!
Eating one of 7 chunks of flesh.
You eat one of the 7 chunks of flesh.
This raw flesh tastes terrible.
Found a stone staircase leading down.
Marking area around Natasha as unsafe for travelling.
Natasha, Servant of Life and Death comes into view.
Natasha hisses angrily.
Unknown command.
You close the door.
Natasha opens the door.
Natasha casts a spell.
Natasha casts a spell at you. You resist with some effort. Natasha claws you.
You take 5 damage, and have 28/35 hp.
Your chain mail prevents you from hitting Natasha.
Natasha mumbles some strange words.
You hit Natasha.
Natasha is moderately wounded.
Natasha barely misses you.
You closely miss Natasha.
Natasha is moderately wounded.
Natasha claws you but does no damage. The white imp gestures at you.
The puff of frost hits you! You resist.
You take 2 damage, and have 26/35 hp.
You miss Natasha.
Natasha is moderately wounded.
Natasha claws you. The white imp spits at you.
The white imp hits you but does no damage.
You take 4 damage, and have 22/35 hp.
You hit Natasha.
Natasha is heavily wounded.
Natasha claws you. The white imp gestures at you. The puff of frost hits you!
You resist.
* * * LOW HITPOINT WARNING * * *
Natasha claws you but does no damage.
You take 9 damage, and have 13/35 hp.
MASSIVE DAMAGE!!
Your chain mail prevents you from hitting Natasha.
Natasha is heavily wounded.
The white imp gestures at you. The puff of frost hits you! You resist.
* * * LOW HITPOINT WARNING * * *
Natasha casts a spell.
You take 2 damage, and have 11/35 hp.
You miss Natasha.
Natasha is heavily wounded.
The white imp gestures at you. The puff of frost hits you! You resist.
* * * LOW HITPOINT WARNING * * *
Natasha howls an incantation.
Natasha shimmers violently.
Natasha closely misses you.
You riposte.
Your chain mail prevents you from hitting Natasha.
Natasha is heavily wounded.
The crimson imp barely misses you.
You riposte.
You hit the crimson imp.
The crimson imp is heavily wounded.
You take 3 damage, and have 8/35 hp.
You hit Natasha.
Natasha is almost dead.
The white imp hits you but does no damage.
Natasha stares at you and mumbles some strange words.
You resist with some effort. The crimson imp closely misses you.
You riposte.
You hit the crimson imp.
The crimson imp is heavily wounded.
You hit Natasha but do no damage.
Natasha is almost dead.
The white imp hits you.
* * * LOW HITPOINT WARNING * * *
The white imp freezes you. You resist.
* * * LOW HITPOINT WARNING * * *
Natasha claws you.
You die...

..... ... █▲██∆██████
█.........█ █.).......█
█.........██▲█
█.██5███████.██
█.██h███████..██████
█...5@.............███
█∆██5.................
......███████.).........
.......∆.................
.......█(......(...██....
.......∆.......(<.)██....
███∆███............█....
█∆ █..........█.█...)
█....((....█.)....


You could see Natasha, a crimson imp and 2 white imps.

Vanquished Creatures
  Ijyb (D:2)
  2 adders (D:2)
  An ooze (D:2)
  2 dart slugs (D:1)
  2 leopard geckos
  6 bats
  A giant cockroach (D:1)
  5 goblins
  4 hobgoblins (D:2)
  9 jackals (D:1)
  A frilled lizard (D:2)
  6 kobolds
  3 rats
43 creatures vanquished.

Notes
Turn   | Place    | Note
-------+----------+-------------------------------------------
     0 | D:1      | Goblin1989 the Demonspawn Monk began the quest for the Orb.
     0 | D:1      | Reached XP level 1. HP: 18/18 MP: 1/1
   436 | D:1      | Gained mutation: You have sharp fingernails. [demonic ancestry]
   436 | D:1      | Reached XP level 2. HP: 17/24 MP: 2/2
   778 | D:1      | Reached skill level 1 in Unarmed Combat
  1284 | D:1      | Gained mutation: Your flesh is cold resistant. (rC+) [demonic ancestry]
  1284 | D:1      | Reached XP level 3. HP: 27/29 MP: 3/3
  1844 | D:2      | Reached skill level 1 in Armour
  1844 | D:2      | Reached XP level 4. HP: 14/35 MP: 4/4
  2097 | D:2      | Noticed Ijyb
  2121 | D:2      | Killed Ijyb
  2244 | D:2      | Noticed Natasha
  2264 | D:2      | Slain by Natasha

Vault maps used:
D:1:      dpeg_arrival_short_road, minmay_heptomino_h4
D:2:      uniq_natasha, uniq_iyjb

Skill      XL: |  1  2  3 |
---------------+----------+-----
Long Blades    | 3 |  3.2
Unarmed Combat | 1 2 |  2.7
Armour         | 1 |  1.5
Fighting       | |  3.0
Dodging        | |  2.6
Stealth        | |  1.7

Action                   |  1- 3 |  4- 6 || total
-------------------------+-------+-------++-------
Melee: Falchion          |   143 |    37 ||   180
 Stab: Sleeping          |     3 |       ||     3
  Eat: Chunk             |     3 |     2 ||     5
Armor: Robe              |    20 |       ||    20
       Chain mail        |    28 |    24 ||    52
Dodge: Dodged            |   121 |    18 ||   139
       Rpst.: Falchion   |    33 |     9 ||    42

Vault maps used:
D:1:      dpeg_arrival_short_road, minmay_heptomino_h4
D:2:      uniq_natasha, uniq_iyjb
